 Dungeon Crawl Stone Soup version 0.21.1-1-g345015fe64 (webtiles) character file.

102 Peloso the Skirmisher (level 4, -4/35 HPs)
             Began as a Demonspawn Abyssal Knight on May 1, 2018.
             Was a Follower of Lugonu.
             Killed from afar by an orc wizard (5 damage)
             ... with a magic dart
             ... on level 3 of the Dungeon.
             The game lasted 00:04:05 (1830 turns).

Peloso the Skirmisher (Demonspawn Abyssal Knight)   Turns: 1830, Time: 00:04:06

Health: -4/35      AC:  4    Str: 13    XL:     4   Next: 50%
Magic:  5/5        EV: 12    Int: 13    God:    Lugonu [*.....]
Gold:   77         SH:  0    Dex: 13    Spells: 3/3 levels left

rFire    . . .     SeeInvis .   a - +1 falchion
rCold    . . .     Gourm    .   (no shield)
rNeg     . . .     Faith    .   b - +0 leather armour
rPois    .         Spirit   .   n - +0 helmet (curse)
rElec    .         Reflect  .   (no cloak)
rCorr    .         Harm     .   (no gloves)
MR       +....                  (no boots)
Stlth    +.........             (no amulet)
HPRegen  0.11/turn              k - ring of protection from magic
MPRegen  0.09/turn              (no ring)

@: no status effects
A: sturdy frame 1
a: Depart the Abyss, Renounce Religion


You were on level 3 of the Dungeon.
You worshipped Lugonu.
Lugonu was aware of your devotion.
You were not hungry.

You visited 1 branch of the dungeon, and saw 3 of its levels.
You visited the Abyss 1 time.

You collected 77 gold pieces.

Inventory:

Hand Weapons
 a - a +1 falchion (weapon)
 m - a +0 hand axe
Armour
 b - a +0 leather armour (worn)
 n - a cursed +0 helmet (worn)
Jewellery
 k - a ring of protection from magic (left hand)
Scrolls
 d - a scroll of remove curse {unknown}
 f - 2 scrolls of enchant armour {unknown}
 g - a scroll of random uselessness {unknown}
 h - a scroll of immolation {unknown}
 i - a scroll of fear {unknown}
 l - 2 scrolls of identify {unknown}
Comestibles
 c - 2 rations


   Skills:
 + Level 3.5 Fighting
 + Level 3.2 Long Blades
 + Level 2.5 Armour
 + Level 1.3 Dodging
 + Level 0.1 Stealth
 + Level 2.4 Invocations


You had 3 spell levels left.
You didn't know any spells.

Dungeon Overview and Level Annotations

Branches:
Dungeon (3/15)

Altars:


Innate Abilities, Weirdness & Mutations

Your movements are slightly less encumbered by armour. (ER -2)


Message History

You feel yourself speed up. The orc barely misses you.
The orc closely misses you.
You riposte.
You hit the orc.
The orc is almost dead.
Unknown command.
You hit the orc.
You kill the orc!
Lugonu accepts your kill.
The kobold throws a stone.
The stone hits you but does no damage. Something hits you but does no damage.
You hit something.
You hear some strange, mumbled words.
A magic dart appears from out of thin air!
The magic dart hits you!
* * * LOW HITPOINT WARNING * * *
The kobold throws a stone.
The stone closely misses you.
You hear some strange, mumbled words.
A magic dart appears from out of thin air!
The magic dart hits you!
You die...

####### #...... ####.#####
###### #....##### ##....#
#.......##
#.#...#K#########....##.##
.......r)@....(.)..#.##.##
#.......############......
#.......# ####.##
#.......# #.# .......##
#.## #.#.... ####### #..#
#......####.....# ##.#
#.........#.....# #.#
#..r............# #.#


You could see a kobold and a rat.

Vanquished Creatures
  An orc priest (D:3)
  An adder (D:2)
  A worm (D:2)
  3 dart slugs
  A leopard gecko (D:1)
  2 orcs (D:3)
  2 giant cockroaches
  7 goblins
  7 hobgoblins
  10 kobolds
  2 quokkas (D:2)
  2 ball pythons (D:1)
  4 bats (D:1)
  2 frilled lizards
  8 rats
53 creatures vanquished.

Notes
Turn   | Place    | Note
-------+----------+-------------------------------------------
     0 | Abyss:1  | Peloso the Demonspawn Abyssal Knight began the quest for the Orb.
     0 | Abyss:1  | Reached XP level 1. HP: 18/18 MP: 2/2
    64 | Abyss:1  | Noticed a chaos spawn
    90 | Abyss:1  | Noticed a small abomination
    93 | D:1      | Escaped the Abyss
   179 | D:1      | Gained mutation: Your movements are slightly less encumbered by armour. (ER -2) [demonic ancestry]
   179 | D:1      | Reached XP level 2. HP: 2/24 MP: 3/3
   581 | D:1      | Reached * piety under Lugonu
   646 | D:1      | Reached skill level 1 in Dodging
  1071 | D:2      | Reached XP level 3. HP: 27/29 MP: 4/4
  1693 | D:2      | Reached XP level 4. HP: 24/35 MP: 5/5
  1830 | D:3      | HP: 1/35 [something/magic dart (10)]
  1830 | D:3      | Killed from afar by an orc wizard

Skill      XL: |  1  2  3  4 |
---------------+-------------+-----
Armour         | 2 |  2.5
Long Blades    | 2 3 |  3.2
Dodging        | 1 |  1.3
Fighting       | |  3.5
Stealth        | |  0.1
Invocations    | |  2.4

Action                   |  1- 3 |  4- 6 || total
-------------------------+-------+-------++-------
Melee: Falchion          |   118 |    15 ||   133
Invok: Depart the Abyss  |     1 |       ||     1
  Use: Potion            |       |     3 ||     3
  Eat: Chunk             |     3 |       ||     3
Armor: Leather armour    |    32 |     1 ||    33
Dodge: Dodged            |    83 |    13 ||    96
       Rpst.: Falchion   |    25 |     3 ||    28
